 Dungeon Crawl Stone Soup version 0.16-a0-3641-g71d4c1b (webtiles) character file.

3638 StephenWHawking the Pioneer (level 10, -1/56 HPs)
             Began as a Gargoyle Fighter on Apr 16, 2015.
             Was an Elder of Pakellas.
             Slain by an orc warrior
             ... wielding a +0 halberd
              (10 damage)
             ... on level 9 of the Dungeon.
             The game lasted 00:30:11 (8123 turns).

StephenWHawking the Pioneer (Gargoyle Fighter)      Turns: 8123, Time: 00:30:11

Health: -1/56      AC: 15    Str: 21    XL:     10   Next: 12%
Magic:  3/24       EV:  9    Int: 10    God:    Pakellas [****..]
Gold:   405        SH:  9    Dex: 10    Spells: 0 memorised, 9 levels left

rFire  . . .     SeeInvis +     T - +0 flail (distort)
rCold  . . .     Clarity  .     z - +1 ring mail {MR+}
rNeg   + . .     SustAb   .     c - +0 shield
rPois  ∞         Gourm    .     (helmet restricted)
rElec  +         Spirit   .     (no cloak)
rCorr  +         Warding  .     m - +0 pair of gloves
rMut   .         Stasis   .     (no boots)
MR     +....                    x - amulet of resist corrosion
Stlth  ..........               (no ring)
                                A - ring of see invisible

@: somewhat resistant to hostile enchantments, extremely unstealthy
A: horns 1, frail 1, high mp 1, negative energy resistance 1, electricity
resistance, unbreathing, petrification resistance, rot immunity, AC +7
a: Minor Device Surge, Quick Charge, Device Surge, Renounce Religion


You were on level 9 of the Dungeon.
You worshipped Pakellas.
Pakellas was greatly pleased with you.
You were hungry.

You visited 2 branches of the dungeon, and saw 10 of its levels.

You collected 405 gold pieces.

Inventory:

Hand weapons
 a - a +0 long sword
 h - a +0 flail of holy wrath
 D - a +2 flail of draining
 L - a +2 mace of protection
 Q - a +2 whip of flaming
 R - a +0 blowgun
 T - a +0 flail of distortion (weapon)
 U - a +0 vampiric rapier
Missiles
 b - 13 tomahawks
 t - 5 steel javelins
 B - 29 poisoned needles
 J - 6 javelins of returning (quivered)
Armour
 c - a +0 shield (worn)
 m - a +0 pair of gloves (worn)
 z - a +1 ring mail of magic resistance (worn)
Jewellery
 x - an amulet of resist corrosion (around neck)
 A - a ring of see invisible (left hand)
 O - an uncursed ring of positive energy {unknown}
Magical devices
 w - a wand of random effects (0)
 y - a wand of slowing (14)
 K - a wand of flame (13)
 P - a wand of paralysis (10)
Scrolls
 e - a scroll of amnesia {unknown}
 f - 9 scrolls of identify {unknown}
 i - 4 scrolls of fog {unknown}
 j - 2 scrolls of magic mapping {unknown}
 k - 4 scrolls of random uselessness {unknown}
 n - 3 scrolls of enchant armour {unknown}
 q - a scroll of fear {unknown}
 r - a scroll of noise {unknown}
 v - 2 scrolls of immolation {unknown}
 H - a scroll of enchant weapon {unknown}
 M - 3 scrolls of remove curse {unknown}
 V - a scroll of teleportation {unknown}
Potions
 g - 3 potions of curing
 p - 3 potions of resistance {unknown}
 u - a potion of flight {unknown}
 C - a potion of restore abilities {unknown}
 E - a potion of poison {unknown}
 I - a potion of cancellation {unknown}
 N - 2 potions of cure mutation {unknown}
 S - 2 potions of heal wounds {unknown}
Books
 o - a book of Cantrips

   Spells                             Type                      Level
   a - Corona                         Hexes                        1
   b - Animate Skeleton               Necromancy                   1
   c - Summon Small Mammal            Summoning                    1
   d - Apportation                    Translocation                1
   Pakellas disapproves of the use of such an item.
 s - a book of Changes

   Spells                             Type                      Level
   a - Beastly Appendage              Transmutation                1
   b - Sticks to Snakes               Transmutation                2
   c - Spider Form                    Transmutation/Poison         3
   d - Ice Form                       Ice/Transmutation            4
   e - Blade Hands                    Transmutation                5
   Pakellas disapproves of the use of such an item.
Comestibles
 d - 7 bread rations
 l - 6 meat rations
 F - 9 slices of pizza
 G - a beef jerky
 W - a chunk of flesh


   Skills:
 - Level 7.1 Fighting
 - Level 5.4 Long Blades
 + Level 4.9 Armour
 * Level 3.7 Dodging
 - Level 3.2 Shields
 - Level 10.0 Evocations


You had 9 spell levels left.
You didn't know any spells.

Dungeon Overview and Level Annotations

Branches:
Dungeon (9/15)             Temple (1/1) D:4            Lair (0/8) D:9
    Orc: D:9-12

Altars:
Ashenzari
Cheibriados
Dithmenos
Elyvilon
Fedhas
Gozag
Kikubaaqudgha
Makhleb
Nemelex Xobeh
Okawaru
Pakellas
Qazlal
Ru
Sif Muna
Trog
Vehumet
Xom
Yredelemnul
Zin
The Shining One


Innate Abilities, Weirdness & Mutations

You are resistant to torment.
You are immune to poison.
Your stone body is very resilient (AC +7).
You resist negative energy.
You are resistant to electric shocks.
You can survive without breathing.
You are immune to petrification.
You are immune to rotting.
You have a pair of small horns on your head.
You are frail (-10% HP).
You have an increased reservoir of magic (+10% MP).


Message History

The orc warrior hits you from afar with a halberd.
* * * LOW HITPOINT WARNING * * *
The orc wizard points at you and mumbles some strange words.
The magic dart hits you!
* * * LOW HITPOINT WARNING * * *
You block the hobgoblin's attack.
The orc wizard hits you but does no damage.
The orc warrior hits you but does no damage.
You sock the orc wizard!
Space bends around the orc wizard.
The orc wizard is almost dead.
You block the hobgoblin's attack.
The orc wizard hits you but does no damage.
You block the orc warrior's attack.
You hit the orc wizard.
You kill the orc wizard!
Pakellas accepts your kill.
Pakellas appreciates your killing of a magic user.
You feel your power returning. The hobgoblin closely misses you.
The orc warrior hits you from afar with a halberd!
You die...

#.........#.#####.#........
#.........#.......'........
#.........#.......#........
#.........####+####........
#.........##.....##........
##+###'#####...............
. ....#............... ..
#..#............... ....
#.@#..............> .....
#g)#.....##........ ......
#.o+.....##########
......##..#...............
...o..o....#........|......
...........#.....##........
#########'##.....##........
............................
............................


You could see an orc warrior and a hobgoblin.

Vanquished Creatures
  2 hippogriffs
  A human (D:8)
  Edmund (D:6)
  7 ogres
  4 sky beasts
  A phantom (D:7)
  A centaur (D:6)
  4 giant frogs
  2 big kobolds (D:7)
  2 scorpions
  3 vampire bats (D:2)
  5 crimson imps
  A quasit (D:6)
  5 orc priests
  A gnoll shaman (D:7)
  5 hounds
  11 orc wizards
  6 worker ants
  2 iguanas
  Ijyb (D:4)
  A worker ant zombie (D:6)
  7 adders
  10 gnolls
  A giant mite (D:4)
  7 worms
  An adder skeleton (D:7)
  3 giant geckos
  32 orcs
  5 bat skeletons
  2 bat zombies (D:2)
  9 goblins
  13 hobgoblins
  7 jackals
  5 quokkas
  2 ball pythons
  12 bats
  A giant cockroach (D:1)
  4 giant newts
  A jackal skeleton (D:5)
  24 kobolds
  A quokka zombie (D:5)
  22 rats
235 creatures vanquished.

Notes
Turn   | Place    | Note
--------------------------------------------------------------
     0 | D:1      | StephenWHawking, the Gargoyle Fighter, began the quest for the Orb.
     0 | D:1      | Reached XP level 1. HP: 14/14 MP: 1/1
   341 | D:1      | Reached XP level 2. HP: 17/19 MP: 2/2
  1154 | D:2      | Reached XP level 3. HP: 24/24 MP: 3/3
  1242 | D:2      | Reached skill level 4 in Fighting
  1255 | D:2      | Found an oddly glowing altar of Pakellas.
  1275 | D:2      | Became a worshipper of Pakellas the Inventive
  1332 | D:2      | Found an ancient bone altar of Kikubaaqudgha.
  1332 | D:2      | Noticed a vampire bat
  1332 | D:2      | Noticed a vampire bat
  1332 | D:2      | Noticed a vampire bat
  1349 | D:2      | Killed a vampire bat
  1349 | D:2      | Reached XP level 4. HP: 25/30 MP: 4/4
  1370 | D:2      | Killed a vampire bat
  1370 | D:2      | Reached XP level 5. HP: 29/34 MP: 5/5
  1414 | D:2      | Killed a vampire bat
  1414 | D:2      | Reached skill level 5 in Fighting
  1834 | D:3      | Acquired Pakellas' first power
  1838 | D:3      | Reached XP level 6. HP: 29/40 MP: 6/6
  1854 | D:3      | Noticed an ogre
  2000 | D:3      | Killed an ogre
  2040 | D:3      | Noticed a moth of wrath
  2041 | D:3      | Found a bloodstained altar of Trog.
  2089 | D:3      | Reached skill level 6 in Fighting
  2720 | D:4      | Noticed Ijyb
  2730 | D:4      | Killed Ijyb
  2734 | D:4      | Reached skill level 5 in Long Blades
  2734 | D:4      | Reached XP level 7. HP: 41/47 MP: 7/7
  2821 | D:4      | Found a sacrificial altar of Ru.
  2956 | D:4      | Found a white marble altar of Elyvilon.
  3005 | D:4      | Reached skill level 7 in Fighting
  3165 | D:4      | Found a staircase to the Ecumenical Temple.
  3189 | Temple   | Entered the Ecumenical Temple
  3572 | D:5      | Entered Level 5 of the Dungeon
  3580 | D:5      | Reached skill level 1 in Evocations
  3617 | D:5      | Reached XP level 8. HP: 37/53 MP: 9/11
  3624 | D:5      | Gained mutation: You have a pair of small horns on your head. [mutagenic meat]
  3625 | D:5      | Gained mutation: You are frail (-10% HP). [mutagenic meat]
  3784 | D:5      | Acquired Pakellas' second power
  4307 | D:5      | Found a shattered altar of Ashenzari.
  4565 | D:6      | Found a snail-covered altar of Cheibriados.
  4931 | D:6      | Reached skill level 5 in Evocations
  5205 | D:6      | Gained mutation: You have an increased reservoir of magic (+10% MP). [mutagenic meat]
  5277 | D:6      | HP: 1/47 [orc wizard/magic dart (6)]
  5539 | D:6      | Noticed Edmund
  5578 | D:6      | Killed Edmund
  5695 | D:6      | Reached XP level 9. HP: 51/51 MP: 20/20
  5759 | D:6      | Found a deep blue altar of Sif Muna.
  5956 | D:7      | Found a shadowy altar of Dithmenos.
  6019 | D:7      | Reached skill level 8 in Evocations
  6155 | D:7      | Acquired Pakellas' third power
  6417 | D:7      | Found a basalt altar of Yredelemnul.
  6434 | D:7      | Reached skill level 9 in Evocations
  6989 | D:8      | Reached skill level 10 in Evocations
  7208 | D:8      | Reached skill level 1 in Dodging
  7644 | D:8      | Reached XP level 10. HP: 56/56 MP: 24/24
  7918 | D:9      | Found a staircase to the Lair.
  8123 | D:9      | Slain by an orc warrior

Action                   |  1- 3 |  4- 6 |  7- 9 | 10-12 || total
-------------------------+-------+-------+-------+-------++-------
Melee: Long sword        |   120 |   197 |   295 |       ||   612
       Flail             |       |       |   109 |     3 ||   112
       Mace              |       |       |   162 |    42 ||   204
       Whip              |       |       |    10 |       ||    10
Throw: Tomahawk          |     4 |       |     5 |       ||     9
Invok: Quick Charge      |       |       |     2 |       ||     2
       Minor Device Surg |       |       |     1 |       ||     1
       Device Surge      |       |       |       |     2 ||     2
Evoke: Wand              |       |       |    55 |     4 ||    59
  Use: Potion            |       |     1 |     2 |     1 ||     4
 Stab: Paralysed         |       |       |    16 |       ||    16
  Eat: Chunk             |     1 |     5 |    16 |     2 ||    24
       Beef jerky        |       |       |     2 |       ||     2
       Royal jelly       |       |       |     1 |       ||     1
